 Dungeon Crawl Stone Soup version 0.31-a0-981-geadf994542 (webtiles) character file.

Game seed: 1816876501531832230

33 BigDaddyOpFi the Trooper (level 3, -2/2 HPs)
             Began as an Octopode Fighter on Nov 1, 2023.
             Slain by a quokka (4 damage)
             ... on level 2 of the Dungeon.
             The game lasted 00:01:48 (948 turns).

BigDaddyOpFi the Trooper (Octopode Fighter)          Turns: 948, Time: 00:01:48

Health: -2/2       AC:  1    Str: 17    XL:     3   Next: 29%
Magic:  3/3        EV: 13    Int: 10    God:
Gold:   86         SH:  4    Dex: 11    Spells: 2/2 levels left

rFire   . . .        a - +0 war axe
rCold   + . .        b - +0 buckler
rNeg    + + +        (helmet restricted)
rPois   ∞            (no amulet)
rElec   .            (no ring)
rCorr   .            (no ring)
SInv    .            (no ring)
Will    +....        (no ring)
Stlth   ++           (no ring)
HPRegen 0.20/turn    (no ring)
MPRegen 0.08/turn    (no ring)
                     (no ring)

%: no passive effects
@: death-form
A: vile attack, torment immunity, no potions, reduced hp, almost no armour,
amphibious, 8 rings, camouflage 1, gelatinous body 1, (nimble swimmer 1),
tentacles
a: Siphon Essence, Begin Untransformation


You were on level 2 of the Dungeon.
You were an undying horror.
You visited 1 branch of the dungeon, and saw 2 of its levels.

You collected 86 gold pieces.

Inventory:

Hand Weapons
 a - a +0 war axe (weapon)
Armour
 b - a +0 buckler (worn)
Talismans
 l - a talisman of death (active)
Scrolls
 d - a scroll of teleportation {unknown}
 f - a scroll of silence {unknown}
 g - 2 scrolls of immolation {unknown}
 h - a scroll of brand weapon {unknown}
 k - a scroll of summoning {unknown}
Potions
 c - a potion of might
 e - a potion of curing {unknown}
 i - a potion of heal wounds {unknown}
 j - 2 potions of cancellation {unknown}


   Skills:
 + Level 3.4 Fighting
 + Level 2.4 Axes
 + Level 3.3 Dodging
 + Level 3.3 Shields


You had 2 spell levels left.
You didn't know any spells.
Your spell library contained the following spells:

 Spells                   Type           Power      Damage    Failure   Level
 Apportation              Tloc           0%         N/A       43%         1
 Necrotise                Necr           0%         1d4       43%         1
 Summon Small Mammal      Summ           0%         N/A       43%         1


Dungeon Overview and Level Annotations

Branches:
Dungeon (2/15)

Altars:


Innate Abilities, Weirdness & Mutations

You are an undying horror.
Your melee and unarmed attacks drain, slow and weaken victims.
You are immune to unholy pain and torment.
You cannot drink.
Your maximum health is decreased, since you lack skill for your form.
You are immune to poison.
You cannot wear most types of armour.
You are amphibious.
You can wear up to eight rings at the same time.
Your skin changes colour to match your surroundings (Stealth+).
Your rubbery body absorbs attacks. (AC +1, EV +1)
((You are camouflaged when in or above water. (Stealth+)))
You have tentacles for arms and can constrict up to eight enemies at once.


Message History

You kill the goblin!
Things that are here:
a +0 dagger; 11 gold pieces; a goblin corpse The kobold shouts!
The kobold barely misses you.
There is an open door here.
You hit the kobold.
You kill the kobold!
No target in view!
No target in view!
No target in view!
No target in view!
No target in view!
No target in view!
No target in view!
No target in view!
No target in view!
No target in view!
No target in view!
No target in view!
You see here a talisman of death.
l - a talisman of death You begin transforming.
You continue transforming. x3
Your flesh twists and warps into a mockery of life!
You now have 86 gold pieces (gained 11).
Things that are here:
a +0 dagger; a goblin corpse A quokka and a hobgoblin come into view.
There are monsters nearby!
There are monsters nearby!
Found a potion of might.
A frilled lizard comes into view.
Found a scroll labelled BAUDUA XOLU.
The hobgoblin shouts!
The frilled lizard hisses angrily.
You hit the hobgoblin.
The hobgoblin decays.
Your grab misses the hobgoblin.
The hobgoblin is severely wounded.
The hobgoblin hits you but does no damage.
The quokka bites you.
Ouch! That really hurt!
You die...

#....#.###.#...#.###.###......##
##...........###.###.#........#
######..####.# #..............#
........# ##.#######.##.#......#
.....#.####..##.........#......#
(....................####......#
.....#.####.###.###### #......#
.....#..).....#...# #......#
.....#.##...#.#?z.# ########
#..[####....#...gr..#
#.####.#.####.......# +......#.#
##......# # #(##...# #...l..# #
#....### #.....!# # #....#
#......# ###.#>.##### #...?..#
...........#


You could see a quokka, a hobgoblin (slow, weak, very drained) and a frilled
lizard.

Vanquished Creatures
  An adder (D:2)
  A worm (D:2)
  An endoplasm (D:1)
  2 goblins (D:2)
  3 hobgoblins
  3 kobolds (D:2)
  3 quokkas
  A ball python (D:1)
  2 frilled lizards (D:1)
  3 rats (D:1)
20 creatures vanquished.

Notes
Turn   | Place    | Note
-------+----------+-------------------------------------------
     0 | D:1      | BigDaddyOpFi the Octopode Fighter began the quest for the
                  | Orb.
     0 | D:1      | Reached XP level 1. HP: 16/16 MP: 1/1
   282 | D:1      | Reached XP level 2. HP: 19/21 MP: 2/2
   752 | D:2      | Reached XP level 3. HP: 23/26 MP: 3/3
   948 | D:2      | Slain by a quokka

Illustrated notes

Levels and vault maps discovered:
D:1:      ebering_trefoil_twist, layout_basic
D:2:      layout_basic

Action                     || total
---------------------------++-------
  Melee: War axe           ||    37
         Constrict         ||     8
         Tentacles         ||     7
         Punch             ||     1
   Stab: Sleeping          ||     8
 Armour: Skin              ||    15
  Dodge: Dodged            ||    16
  Block: Buckler           ||     5
   Form: Death             ||     1

Table legend: (Time is in decaauts)
 A = Elapsed time spent in this place.
 B = Non-inter-level travel time spent in this place.
 C = Inter-level travel time spent in this place.
 D = Time resting spent in this place.
 E = Time spent auto-exploring this place.
 F = Levels seen in this place.
 G = Mean time per level.
                   A        B        C        D        E       F      G
               +--------+--------+--------+--------+--------+-----+--------+
         Total |    963 |    943 |     20 |      0 |    753 |   2 |  481.5 |
       Dungeon |    963 |    943 |     20 |      0 |    753 |   2 |  481.5 |
               +--------+--------+--------+--------+--------+-----+--------+

Top non-repeatable levels by time:
     D:1: 673 daAuts
     D:2: 290 daAuts
